 Dungeon Crawl Stone Soup version 0.29.0-11-gd7f09526c8 (webtiles) character file.

Game seed: 12767104501701274269

8849 DoubleLucky the Grappler (level 11, 0/105 HPs)
             Began as a Troll Fighter on Sept 5, 2022.
             Was a Believer of Makhleb.
             Slain by a vampire (11 damage)
             ... on level 12 of the Dungeon.
             The game lasted 00:42:54 (8989 turns).

DoubleLucky the Grappler (Troll Fighter)            Turns: 8989, Time: 00:42:55

Health: 0/105      AC:  4    Str: 28    XL:     11   Next: 15%
Magic:  16/16      EV: 10    Int:  6    God:    Makhleb [**....]
Gold:   601        SH: 13    Dex:  9    Spells: 10/10 levels left

rFire   + . .      SeeInvis .     - Unarmed
rCold   + . .      Faith    .   b - +5 kite shield
rNeg    . . .      Spirit   .   a - +0 robe
rPois   +          Reflect  .   (helmet restricted)
rElec   .          Harm     .   e - scarf {rC+ rF+}
rCorr   .          Rampage  .   (gloves unavailable)
Will    +....                   (boots unavailable)
Stlth   +.........              f - amulet of the acrobat
HPRegen 1.07/turn               F - ring of willpower
MPRegen 0.15/turn               D - ring of poison resistance

@: no status effects
A: large, unfitting armour, claws 3, regeneration 1, shaggy fur 1, tough skin 1
a: Renounce Religion, Minor Destruction


You were on level 12 of the Dungeon.
You worshipped Makhleb.
Makhleb was pleased with you.
You visited 1 branch of the dungeon, and saw 12 of its levels.
You also visited: Sewer.

You collected 634 gold pieces.
You spent 33 gold pieces at shops.

Inventory:

Hand Weapons
 G - a +1 whip of freezing
 Q - the +7 mace of Toothy Blind Justice {flame, rElec rPois}
   (You took it off an orc warrior on level 10 of the Dungeon)

   It burns those it strikes, dealing additional fire damage.
   rElec:     It insulates you from electricity.
   rPois:     It protects you from poison.
Missiles
 o - 4 curare-tipped darts
 v - 118 stones (quivered)
 E - a throwing net
 K - 26 poisoned darts
 R - a boomerang of dispersal
Armour
 a - a +0 robe (worn)
 b - a +5 kite shield (worn)
 d - a +0 cloak
 e - a scarf of resistance (worn)
Jewellery
 c - an amulet of guardian spirit
 f - an amulet of the acrobat (around neck)
 g - a ring of resist corrosion
 w - a ring of protection from fire
 D - a ring of poison resistance (right claw)
 F - a ring of willpower (left claw)
 L - a ring of flight
Wands
 y - a wand of paralysis (5)
 B - a wand of iceblast (17)
 O - a wand of mindburst (10)
 P - a wand of flame (10)
Scrolls
 i - 6 scrolls of teleportation
 k - 4 scrolls of poison
 m - a scroll of fear {unknown}
 n - a scroll of magic mapping {unknown}
 q - 2 scrolls of blinking {unknown}
 A - 3 scrolls of fog {unknown}
 I - a scroll of brand weapon {unknown}
 J - a scroll of vulnerability {unknown}
 N - a scroll of enchant weapon {unknown}
Potions
 h - 3 potions of resistance
 j - 3 potions of mutation
 p - 3 potions of degeneration {unknown}
 r - a potion of magic {unknown}
 s - a potion of cancellation {unknown}
 t - a potion of haste {unknown}
 u - 2 potions of invisibility {unknown}
 x - 2 potions of ambrosia {unknown}
 z - 5 potions of lignification {unknown}
 C - a potion of brilliance
 H - a potion of heal wounds {unknown}
 M - a potion of flight {unknown}


   Skills:
 - Level 6.0 Fighting
 - Level 3.0 Throwing
 - Level 6.0 Dodging
 - Level 6.0 Shields
 - Level 10.0 Unarmed Combat
 + Level 8.1 Invocations


You had 10 spell levels left.
You didn't know any spells.
Your spell library contained the following spells:

 Spells                   Type           Power      Damage    Failure   Level
 Blink                    Tloc           0%         N/A       85%         2
 Poisonous Vapours        Pois/Air       0%         N/A       85%         2
 Frozen Ramparts          Ice            0%         1d1       97%         3
 Lesser Beckoning         Tloc           0%         N/A       97%         3
 Airstrike                Air            0%         2d(0-16)  100%        4
 Corpse Rot               Necr/Pois/Air  0%         N/A       100%        4
 Ice Form                 Ice/Tmut       0%         N/A       100%        4
 Summon Ice Beast         Ice/Summ       0%         N/A       100%        4
 Summon Lightning Spire   Summ/Air       0%         N/A       100%        4
 Iskenderun's Battlesphe  Conj           0%         2d6       100%        5
 Lightning Bolt           Conj/Air       0%         1d11      100%        5
 Manifold Assault         Tloc           0%         N/A       100%        5
 Iron Shot                Conj/Erth      0%         9d1       100%        6
 Spellforged Servitor     Conj/Summ      0%         N/A       100%        7
 Chain Lightning          Conj/Air       0%         N/A       100%        9
 Fire Storm               Conj/Fire      0%         5d1       100%        9
 Shatter                  Erth           0%         3d5*      100%        9


Dungeon Overview and Level Annotations

Branches:
Dungeon (12/15)            Temple (0/1) D:7             Orc (0/2) D:10
  Sewer (visited)
   Lair: D:8-11

Altars:
Cheibriados
Dithmenos
Elyvilon
Fedhas
Hepliaklqana
Makhleb
Nemelex Xobeh
Sif Muna
Trog
Uskayaw
Wu Jian
Xom
Zin
The Shining One

Shops:
D:6 *((

Annotations:
D:4 3 runed translucent doors, Ordine's ghost, novice GrFi
D:8 2 transporters, exclusions: electric eel and 3 more exclusions, Maggie; Winsalot's ghost, novice DgFE


Innate Abilities, Weirdness & Mutations

You are too large for most types of armour.
You have claws for hands.
Your natural rate of healing is unusually fast.
You are covered in fur. (AC +1)
You have tough skin. (AC +1)


Message History

The vampire mosquito bites you but does no damage.
You block the vampire mosquito's attack.
Something hits you! Something bites you.
Something draws strength from your injuries!
You mangle the vampire mosquito!!
The vampire mosquito is severely damaged.
You block the vampire mosquito's attack.
Something hits you! Something bites you but does no damage.
You block the vampire mosquito's attack.
You barely miss the vampire mosquito.
The vampire mosquito is severely damaged.
The vampire mosquito closely misses you.
Something hits you. Something bites you but does no damage.
The vampire mosquito bites you.
The vampire mosquito draws strength from your injuries!
You mangle the vampire mosquito!!
You destroy the vampire mosquito!
Makhleb accepts your kill. You block something's attack. x2
You closely miss something. Something hits you! You block something's attack.
You scratch something. You closely miss something. Something hits you!
Something bites you.
* * * LOW HITPOINT WARNING * * *
Something draws strength from your injuries!
You miss something. Something hits you but does no damage. Something bites you!
* * * LOW HITPOINT WARNING * * *
Something draws strength from your injuries!
Press: ? - help, v - describe, . - travel The floor, spattered with blood.
Okay, then.
Unknown command.
You feel better. Something hits you!
* * * LOW HITPOINT WARNING * * *
Something bites you!
* * * LOW HITPOINT WARNING * * *
Something draws strength from your injuries!
You feel better. Something hits you!
* * * LOW HITPOINT WARNING * * *
Something bites you!
You die...

############ .
#....<..[..# ..
#.<........# ...
#..........# ....
#..........# .....
#.........†#......
#........@{'.#
############......
..... .... ... ..
.


There were no monsters in sight!

Vanquished Creatures
  A centaur warrior (D:9)
  Pikel (D:5)
  Maurice (D:9)
  Grinder (D:5)
  2 shadows
  A vampire (D:10)
  19 yaks
  Grum (D:8)
  2 wraiths
  2 vampire mosquitoes (D:12)
  A water moccasin (D:8)
  3 orc warriors
  2 ice beasts (D:7)
  2 black bears (D:5)
  2 wolves (D:8)
  5 centaurs
  2 phantoms (D:6)
  3 kobold brigands
  2 bullfrogs
  A gnoll sergeant (D:7)
  3 scorpions
  3 wights (D:4)
  6 killer bees (D:9)
  A howler monkey (D:7)
  5 hounds
  3 orc priests
  4 jellies
  4 iguanas
  Natasha (twice) (D:4)
  2 orc wizards
  14 adders
  9 gnolls
  5 river rats (Sewer)
  A shadow imp (D:6)
  A white imp (D:6)
  3 worms
  5 dart slugs
  17 orcs
  5 bats
  19 endoplasms
  7 giant cockroaches
  9 goblins
  11 hobgoblins
  3 jackals (D:1)
  21 kobolds
  4 quokkas
  11 ball pythons
  8 frilled lizards
  8 rats
248 creatures vanquished.

Notes
Turn   | Place    | Note
-------+----------+-------------------------------------------
     0 | D:1      | DoubleLucky the Troll Fighter began the quest for the Orb.
     0 | D:1      | Reached XP level 1. HP: 22/22 MP: 0/0
   159 | D:1      | Reached XP level 2. HP: 26/29 MP: 1/1
   252 | D:1      | Reached skill level 3 in Unarmed Combat
   486 | D:1      | Reached XP level 3. HP: 36/36 MP: 2/2
   677 | D:1      | Found a faded altar of an unknown god.
   979 | D:2      | Reached skill level 4 in Unarmed Combat
  1007 | D:2      | Reached XP level 4. HP: 44/44 MP: 3/3
  1211 | D:2      | Found a glowing golden altar of the Shining One.
  1436 | D:3      | Identified the +6 sling "Beastslayer" {vorpal, rPois}
  1505 | D:3      | Reached skill level 5 in Unarmed Combat
  1566 | D:3      | Reached XP level 5. HP: 50/50 MP: 4/4
  1627 | D:3      | Found a glowing drain.
  1657 | Sewer    | Entered a sewer
  1778 | Sewer    | Reached skill level 6 in Unarmed Combat
  1866 | Sewer    | Reached XP level 6. HP: 59/59 MP: 5/5
  1913 | Sewer    | Found a viscous altar of Jiyva.
  2675 | D:4      | Found a sparkling altar of Nemelex Xobeh.
  2769 | D:4      | Found a runed translucent gate.
  2865 | D:4      | Reached skill level 5 in Shields
  2865 | D:4      | Reached XP level 7. HP: 66/66 MP: 6/6
  2931 | D:4      | Noticed Natasha
  2939 | D:4      | Killed Natasha
  3033 | D:4      | Noticed Natasha
  3041 | D:4      | Killed Natasha
  3126 | D:4      | Found a shimmering altar of Xom.
  3507 | D:4      | Found a glowing silver altar of Zin.
  3507 | D:4      | Found a glowing golden altar of the Shining One.
  3509 | D:4      | Found a white marble altar of Elyvilon.
  3611 | D:4      | Found a runed translucent gate.
  3611 | D:4      | Found a runed translucent gate.
  3681 | D:4      | Noticed Ordine's ghost (novice GrFi)
  3831 | D:5      | Entered Level 5 of the Dungeon
  4064 | D:5      | Noticed Grinder
  4090 | D:5      | Paralysed by Grinder for 2 turns
  4094 | D:5      | Killed Grinder
  4190 | D:5      | Reached XP level 8. HP: 79/79 MP: 7/7
  4297 | D:5      | Reached skill level 5 in Fighting
  4447 | D:5      | Noticed Pikel
  4458 | D:5      | Killed Pikel
  4566 | D:5      | Found a snail-covered altar of Cheibriados.
  4988 | D:6      | Found a burning altar of Makhleb.
  5005 | D:6      | Became a worshipper of Makhleb the Destroyer
  5148 | D:6      | Reached skill level 5 in Dodging
  5182 | D:6      | Reached XP level 9. HP: 86/89 MP: 8/8
  5432 | D:6      | Found Ziteok's Antique Weapon Boutique.
  5530 | D:6      | Found an ornate altar of the Wu Jian Council.
  5558 | D:6      | Found Xiuxzo's General Store.
  5565 | D:6      | Bought a scroll of noise for 11 gold pieces
  5565 | D:6      | Bought a scroll of identify for 22 gold pieces
  5596 | D:6      | Found Xaaritzu's Antique Weapon Boutique.
  6135 | D:7      | Reached * piety under Makhleb
  6242 | D:7      | Found a blossoming altar of Fedhas.
  6349 | D:7      | Found a shimmering blue altar of Sif Muna.
  6418 | D:7      | Found a staircase to the Ecumenical Temple.
  6442 | D:7      | Reached skill level 7 in Unarmed Combat
  6500 | D:8      | Found a bloodstained altar of Trog.
  6500 | D:8      | Noticed Winsalot's ghost (novice DgFE)
  6501 | D:8      | Noticed a moth of wrath
  6501 | D:8      | Noticed a two-headed ogre
  6502 | D:8      | Found a transporter.
  6530 | D:8      | Found a transporter.
  6676 | D:8      | Noticed Grum
  6712 | D:8      | Killed Grum
  6713 | D:8      | Reached skill level 8 in Unarmed Combat
  6747 | D:8      | Noticed Maggie
  6850 | D:9      | Found a hazy altar of Hepliaklqana.
  6850 | D:9      | Found a hide-covered altar of Uskayaw.
  6868 | D:9      | Reached skill level 9 in Unarmed Combat
  6876 | D:9      | Reached XP level 10. HP: 62/98 MP: 9/9
  7272 | D:9      | Noticed a skeletal warrior
  7274 | D:9      | Noticed a red ugly thing
  7275 | D:9      | Noticed a boulder beetle
  7276 | D:9      | Noticed a black mamba
  7276 | D:9      | Noticed a boulder beetle
  7278 | D:9      | Noticed a tengu warrior
  7294 | D:9      | Noticed a centaur warrior
  7308 | D:9      | Killed a centaur warrior
  7309 | D:9      | Reached skill level 10 in Unarmed Combat
  7408 | D:9      | Found a shadowy altar of Dithmenos.
  7413 | D:9      | Reached skill level 1 in Invocations
  7446 | D:9      | Noticed Maurice
  7467 | D:9      | Paralysed by something for 3 turns
  7484 | D:9      | Killed Maurice
  7528 | D:10     | Entered Level 10 of the Dungeon
  7825 | D:10     | Found a staircase to the Orcish Mines.
  7896 | D:10     | Reached skill level 5 in Invocations
  7899 | D:10     | Reached ** piety under Makhleb
  7994 | D:10     | Identified the +7 mace of Toothy Blind Justice {flame,
                  | rElec rPois}
  8387 | D:11     | Reached XP level 11. HP: 105/105 MP: 15/15
  8882 | D:11     | Identified the +8 shortbow "Umneus" {venom, rElec rC+ rCorr
                  | Dex-4}
  8989 | D:12     | Slain by a vampire

Illustrated notes

Levels and vault maps discovered:
D:1:      roderic_crossed_star, layout_basic,
          shapermc_ecumenical_altar_hornbeckon, minmay_hexomino_p4
D:2:      layout_basic, basic_altar, minmay_small_reverse_x
D:3:      minmay_evil_eye, layout_basic, portal_sewer_entry_b,
          nicolae_grassy_gnolls
D:4:      layout_layer_cave, dreamdust_divine_triumvirate, lemuel_crystal_altar,
          mainiacjoe_overflow_tiny_flanked, ebering_ghost_rock_garden,
          kennysheep_generic_room_16, uniq_natasha
D:5:      layout_loops_corners, slow_altar_1, uniq_grinder, uniq_pikel
D:6:      layout_basic, nzn_wu_jian_contemplation,
          mainiacjoe_overflow_cross_hatched, serial_shops, nicolae_shop_stone,
          nicolae_take_the_stairs, shop_fountains
D:7:      layout_cave_pools, fedhas_altar_4, lemuel_blue_sif_altar, temple_green
D:8:      layout_basic, mainiacjoe_overflow_swirl, erik_lair_island,
          gammafunk_ghost_wrathful_warriors, serial_glass, glass_columns_c,
          glass_columns_b, uniq_grum, uniq_maggie
D:9:      layout_rooms, grunt_dithmenos_shadows,
          chequers_temple_overflow_statue_of_worship,
          kennysheep_decorative_pillar, minivault_12, uniq_maurice
D:10:     layout_cave_pools, david_orc_3
D:11:     layout_long_grid
D:12:     minmay_wavy_crystal, layout_stronghold

Skill      XL: |  1  2  3  4  5  6  7  8  9 10 11 |
---------------+----------------------------------+-----
Unarmed Combat | 3 4 5 6 9 10 | 10.0
Shields        | 3 5 6 |  6.0
Fighting       | 4 6 |  6.0
Dodging        | 5 6 |  6.0
Throwing       | 3 |  3.0
Invocations    | 7 8 |  8.1

Action                   |  1- 3 |  4- 6 |  7- 9 | 10-12 || total
-------------------------+-------+-------+-------+-------++-------
Melee: Unarmed           |    91 |   185 |   284 |   227 ||   787
       Punch             |       |     8 |       |       ||     8
Throw: Throwing net      |       |     1 |       |       ||     1
       Stone             |       |       |     1 |     4 ||     5
Invok: Minor Destruction |       |       |       |     2 ||     2
  Use: Scroll            |       |     5 |     8 |     1 ||    14
       Potion            |       |       |     2 |     2 ||     4
 Stab: Sleeping          |       |     1 |       |       ||     1
Armor: Robe              |    29 |    54 |    43 |    36 ||   162
Dodge: Dodged            |    40 |    91 |   101 |    74 ||   306
Block: Kite shield       |       |     3 |   141 |   164 ||   308
